 Dungeon Crawl Stone Soup version 0.17-a0-1174-ge06b3cc (webtiles) character file.

763 inmateoo the Basher (level 7, 0/61 HPs)
             Began as an Ogre Wizard on May 29, 2015.
             Slain by an ogre
             ... wielding a +0 giant club
              (9 damage)
             ... on level 5 of the Dungeon.
             The game lasted 00:08:36 (5601 turns).

inmateoo the Basher (Ogre Wizard)                   Turns: 5601, Time: 00:08:37

Health: 0/61       AC: 10    Str: 14    XL:     7   Next: 81%
Magic:  12/12      EV: 14    Int: 18    God:
Gold:   199        SH:  0    Dex: 11    Spells: 5 memorised, 4 levels left

rFire  . . .     SeeInvis .     B - +2 flail (protect)
rCold  . . .     Clarity  +     a - +0 robe
rNeg   . . .     SustAt   .     (no shield)
rPois  .         Gourm    .     b - +1 hat
rElec  .         Spirit   .     s - +0 cloak
rCorr  .         Warding  .     (gloves unavailable)
rMut   .         Stasis   .     (boots unavailable)
MR     .....                    u - amulet of clarity
Stlth  +.........               m - +4 ring of evasion
                                g - +3 ring of dexterity

@: not resistant to hostile enchantments, very unstealthy
A: unfitting armour, tough skin 1
a: no special abilities


You were on level 5 of the Dungeon.
You were hungry.

You visited 1 branch of the dungeon, and saw 5 of its levels.

You collected 199 gold pieces.

Inventory:

Hand weapons
 A - a +0 giant spiked club
 B - a +2 flail of protection (weapon)
Armour
 a - a +0 robe (worn)
 b - a +1 hat (worn)
 s - a +0 cloak (worn)
Jewellery
 g - a +3 ring of dexterity (left hand)
 i - an uncursed ring of sustain attributes
 m - a +4 ring of evasion (right hand)
 t - an uncursed ring of magical power
 u - an amulet of clarity (around neck)
 w - an uncursed ring of protection from fire
Magical devices
 z - a wand of cold (2)
Scrolls
 j - a scroll of amnesia
 k - 5 scrolls of remove curse
 p - 4 scrolls of immolation
 r - 3 scrolls of magic mapping
 y - 2 scrolls of teleportation
 D - a scroll of enchant armour
 F - a scroll of noise {unknown}
 G - a scroll of recharging {unknown}
Potions
 e - a potion of brilliance {unknown}
 h - 5 potions of curing {unknown}
 n - a potion of might
 o - a potion of lignification
 q - a potion of cancellation
 v - a potion of heal wounds {unknown}
 x - a potion of resistance
 E - a potion of berserk rage {unknown}
Books
 c - a book of Minor Magic

   Spells                             Type                      Level
   a - Magic Dart                     Conjuration                  1
   b - Blink                          Translocation                2
   c - Call Imp                       Summoning                    2
   d - Repel Missiles                 Charms/Air                   2
   e - Slow                           Hexes                        2
   f - Conjure Flame                  Conjuration/Fire             3
   g - Mephitic Cloud                 Conjuration/Poison/Air       3
Comestibles
 d - 6 bread rations
 f - 4 meat rations
 l - 4 fruits
 C - a chunk of flesh


   Skills:
 - Level 0.6 Fighting
 * Level 10.7 Maces & Flails
 - Level 1.7 Dodging
 - Level 1.5 Stealth
 - Level 3.6 Spellcasting
 - Level 0.6 Conjurations
 - Level 0.6 Summonings
 - Level 0.6 Translocations


You had 4 spell levels left.
You knew the following spells:

 Your Spells              Type           Power        Failure   Level  Hunger
a - Magic Dart            Conj           #...         12%         1    None
b - Blink                 Tloc           N/A          17%         2    ##.....
c - Call Imp              Summ           #.......     17%         2    ##.....
d - Repel Missiles        Chrm/Air       #.....       28%         2    ##.....
e - Slow                  Hex            #.......     28%         2    ##.....


Dungeon Overview and Level Annotations

Branches:
Dungeon (5/15)
 Temple: D:4-7

Altars:
Ashenzari
Cheibriados
Dithmenos
Vehumet

Shops:
D:4 [


Innate Abilities, Weirdness & Mutations

You are too large for most types of armour.
You have tough skin (AC +1).


Message History

The ogre is moderately wounded.
The ogre hits you with a giant club!!
You barely miss the ogre.
The ogre is moderately wounded.
You sock the ogre!
The ogre is heavily wounded.
The ogre hits you with a giant club!
You sock the ogre!
The ogre is almost dead.
The ogre hits you with a giant club!
* * * LOW HITPOINT WARNING * * *
You are too injured to fight recklessly!
You are too injured to fight recklessly!
You are too injured to fight recklessly!
You barely miss the ogre.
The ogre is almost dead.
You hit the ogre.
The ogre is almost dead.
The ogre hits you with a giant club!
You die...

##..........# #.
##...#.###.#.##
#.###......# #.....
.........#.###.#.=.
#.#####..#.....####
#. #..###.###### #
#. #..# #.......
#..#.#####..#
########
#...O@......#
.......######.#
####.## #.# # #.#
#.. #. .#


You could see an ogre.

Vanquished Creatures
  The ghost of vonhedlund the Skirmisher, an average HOHu (D:4)
  2 ogres
  A scorpion (D:4)
  A crimson imp (D:5)
  An orc priest (D:4)
  2 orc wizards
  A giant frog zombie (D:5)
  An iguana (D:4)
  A hound (D:4)
  Terence (D:3)
  9 adders
  4 worms
  4 giant geckos
  4 orcs
  8 bats
  2 giant cockroaches (D:2)
  9 goblins
  9 hobgoblins
  4 jackals
  7 kobolds
  3 quokkas
  A ball python (D:2)
  3 giant newts
  6 rats
85 creatures vanquished.

Notes
Turn   | Place    | Note
--------------------------------------------------------------
     0 | D:1      | inmateoo the Ogre Wizard began the quest for the Orb.
     0 | D:1      | Reached XP level 1. HP: 16/16 MP: 5/5
   380 | D:1      | Reached skill level 1 in Maces & Flails
   405 | D:1      | Found a shattered altar of Ashenzari.
   449 | D:1      | Reached XP level 2. HP: 5/26 MP: 4/6
  1185 | D:2      | Found a radiant altar of Vehumet.
  1185 | D:2      | Found a snail-covered altar of Cheibriados.
  1445 | D:2      | Found a shadowy altar of Dithmenos.
  1480 | D:2      | Reached XP level 3. HP: 28/32 MP: 8/8
  2015 | D:2      | Reached skill level 4 in Maces & Flails
  2191 | D:2      | Reached XP level 4. HP: 27/40 MP: 9/9
  2379 | D:2      | Learned a level 2 spell: Blink
  2382 | D:2      | Learned a level 2 spell: Call Imp
  2385 | D:2      | Learned a level 2 spell: Repel Missiles
  2388 | D:2      | Learned a level 2 spell: Slow
  2473 | D:2      | Reached skill level 5 in Maces & Flails
  2973 | D:3      | Reached skill level 6 in Maces & Flails
  2973 | D:3      | Reached XP level 5. HP: 18/46 MP: 2/10
  3249 | D:3      | Noticed Terence
  3348 | D:3      | Noticed an ogre
  3364 | D:3      | Killed an ogre
  3364 | D:3      | Reached skill level 7 in Maces & Flails
  3364 | D:3      | Reached XP level 6. HP: 38/54 MP: 11/11
  3431 | D:3      | Killed Terence
  4008 | D:4      | Reached skill level 8 in Maces & Flails
  4370 | D:4      | Found Pediwn's Armour Emporium.
  4550 | D:4      | Noticed vonhedlund's ghost (average HOHu)
  4562 | D:4      | Killed vonhedlund's ghost
  4562 | D:4      | Reached skill level 9 in Maces & Flails
  4562 | D:4      | Reached XP level 7. HP: 48/61 MP: 12/12
  4762 | D:4      | Reached skill level 10 in Maces & Flails
  5488 | D:5      | Entered Level 5 of the Dungeon
  5601 | D:5      | Slain by an ogre

Vault maps used:
D:1:      erik_arrival_triangle_large, kennysheep_decorative_pillar,
          evilmike_ruin_ashenzari
D:2:      grunt_dithmenos_smoke_and_mirrors, gammafunk_temple_overflow_pools,
          first_bread
D:3:      uniq_terence
D:4:      serial_shops, shop, minmay_misc_feat_secret_circle

Action                   |  1- 3 |  4- 6 |  7- 9 || total
-------------------------+-------+-------+-------++-------
Melee: Club              |    65 |    22 |       ||    87
       Flail             |       |   117 |    13 ||   130
       Giant spiked club |       |    22 |    45 ||    67
 Cast: Magic Dart        |    47 |    64 |       ||   111
  Use: Scroll            |     5 |     7 |       ||    12
       Potion            |       |     2 |       ||     2
 Stab: Sleeping          |     3 |     2 |     1 ||     6
  Eat: Chunk             |     4 |     7 |     3 ||    14
